 Dungeon Crawl Stone Soup version 0.15-a0-1387-gd422dff (webtiles) character file.

444881 Psiweapon the Tortoise (level 24, -5/142 HPs)
             Began as a Gargoyle Gladiator on June 4, 2014.
             Was the Champion of Cheibriados.
             Slain by an acid blob (8 damage)
             ... on Level 6 of the Pits of Slime on June 10, 2014.
             The game lasted 10:34:54 (70075 turns).

Psiweapon the Tortoise (Gargoyle Gladiator)        Turns: 70075, Time: 10:34:54

HP  -5/142       AC 37     Str 40      XL: 24   Next: 18%
MP  36/36        EV 20     Int 24      God: Cheibriados [******]
Gold 2543        SH  0     Dex 25      Spells:  8 memorised, 22 levels left

rFire  + . .     SeeInvis +     F - +4,+3 executioner's axe (elec)
rCold  + + .     Clarity  .     i - +3 plate armour {MR+}
rNeg   + + .     rCorr    +     (no shield)
rPois  +         rRot     +     S - +2 hat {SInv}
rElec  +         Spirit   .     G - +2 cloak
SustAb .         Warding  .     L - +1 pair of gloves
rMut   .         Stasis   .     k - +2 pair of boots
Gourm  .                        r - amulet of resist corrosion
MR     ++...                    X - ring of Xom's Fury {Wiz Dam+3}
                                Q - ring of Dithmenos' Generosity {rF+ rC++ rN+ Int+2}

@: corroded equipment, flying, very slow, very resistant to hostile
enchantments, extremely unstealthy
A: able to fly continuously, large and strong wings, icy blue scales 1, clumsy
2, deformed body, dopey 2, low mp 1, life protection 1, screaming 2, electricity
resistance, slow healing 1, slow metabolism 2, wild magic 1, unbreathing,
petrification resistance, rot immunity, AC +17
a: Stop Flying, Bend Time, Temporal Distortion, Slouch, Step From Time, Renounce
Religion
}: 2/15 runes: decaying, serpentine


You were on level 6 of the Pits of Slime.
You worshipped Cheibriados.
Cheibriados was exalted by your worship.
You were full.

You visited 11 branches of the dungeon, and saw 55 of its levels.
You also visited: Ice Cave.

You collected 5720 gold pieces.
You spent 3177 gold pieces at shops.

Inventory:

Hand weapons
 a - a +4,+3 eveningstar of draining
 c - a +4,+0 morningstar of holy wrath
 d - the +4,+10 dagger "Testudinebane" {pain, +Blink MR+}
   (You took it off a deep elf annihilator on level 3 of the Elven Halls)

   In the hands of one skilled in necromantic magic, it inflicts extra damage on
   living creatures.
   It affects your resistance to hostile enchantments.
   It lets you blink.
 F - a +4,+3 executioner's axe of electrocution (weapon)
 K - a +3,+5 battleaxe of pain
Missiles
 y - 3 javelins (quivered)
Armour
 i - a +3 plate armour of magic resistance (worn)
 k - a +2 pair of boots (worn)
 D - the +2 shield of Broken Taboos {+Fly rF++ MR+}
   (You found it on level 4 of the Snake Pit)

   It greatly protects you from fire.
   It affects your resistance to hostile enchantments.
   It lets you fly.
 G - a +2 cloak (worn)
 L - a +1 pair of gloves (worn)
 S - a +2 hat of see invisible (worn)
Magical devices
 e - a wand of digging (20)
 g - a wand of teleportation (3)
 o - a wand of disintegration (6)
 x - a wand of fireball (1)
 M - a wand of confusion (0)
 O - a wand of lightning (4)
Comestibles
 f - 21 bread rations
Scrolls
 h - a scroll of magic mapping
 p - 4 scrolls of identify
 u - 6 scrolls of teleportation
 w - 4 scrolls of recharging
 z - a scroll of brand weapon
 N - 15 scrolls of remove curse
Jewellery
 r - an amulet of resist corrosion (around neck)
 t - an uncursed amulet of stasis
 E - a +3,+6 ring of slaying
 H - an uncursed ring of sustain abilities
 J - an uncursed ring of invisibility
 Q - the ring of Dithmenos' Generosity (left hand) {rF+ rC++ rN+ Int+2}
   (You found it on level 5 of the Dungeon)

   [ring of protection from fire]

   It affects your intelligence (+2).
   It protects you from fire.
   It greatly protects you from cold.
   It protects you from negative energy.
 U - an uncursed amulet of the gourmand
 V - an uncursed ring of protection from cold
 X - the ring of Xom's Fury (right hand) {Wiz Dam+3}
   (You bought it in a shop on level 2 of the Snake Pit)

   [ring of wizardry]

   It improves your spell success rate.
   It affects your damage with ranged weapons and melee attacks (+3).
 Y - an uncursed amulet of clarity
Potions
 m - 3 potions of brilliance
 n - 4 potions of restore abilities
 q - 4 potions of might
 v - 4 potions of agility
 I - 12 potions of curing
 T - a potion of resistance
 Z - 3 potions of invisibility
Magical staves
 b - an uncursed staff of wizardry
Miscellaneous
 j - an ornate deck of defence {the Elixir}
 l - an ornate deck of summonings {the Pentagram}
 P - a fan of gales (inert)
 R - a legendary deck of changes {the Mercenary}
 W - a lamp of fire (inert)
Rods
 A - a +3 lightning rod (10/10)
   (You took it off a deep elf knight on level 3 of the Elven Halls)
 B - a +9 rod of ignition (13/13)
   (You took it off a deep elf sorcerer on level 3 of the Elven Halls)
 C - a +8 rod of shadows (16/16)
   (You took it off a deep elf summoner on level 3 of the Elven Halls)


   Skills:
 - Level 11.9 Fighting
   Level 6.3 Long Blades
 + Level 15.3 Axes
 - Level 10.6 Maces & Flails
   Level 2.7 Polearms
 - Level 12.0 Staves
 - Level 5.5 Throwing
 - Level 18.4 Armour
 - Level 12.4 Dodging
 - Level 11.9 Shields
 - Level 13.1 Spellcasting
 - Level 13.0 Necromancy
 - Level 10.4 Invocations
 - Level 7.7 Evocations


You had 22 spell levels left.
You knew the following spells:

 Your Spells              Type           Power        Failure   Level  Hunger
a - Apportation           Tloc           ###.......   9%          1    None
b - Animate Skeleton      Necr           N/A          1%          1    None
c - Agony                 Necr           #######.     1%          5    ##.....
d - Animate Dead          Necr           N/A          1%          4    None
e - Sublimation of Blood  Necr           #######...   1%          2    None
f - Twisted Resurrection  Necr           #######...   1%          5    ##.....
g - Death Channel         Necr           #######...   8%          6    #####..
h - Recall                Summ/Tloc      N/A          21%         3    None


Dungeon Overview and Level Annotations

Branches:
Dungeon (15/15)            Temple (1/1) D:7             Orc (4/4) D:11
    Elf (3/3) Orc:3          Lair (8/8) D:11          Swamp (5/5) Lair:6
  Snake (5/5) Lair:5        Slime (6/6) Lair:7       Vaults (5/5) D:13
  Blade (1/1) Vaults:3      Crypt (0/3) Vaults:3     Depths (2/5) D:15

Altars:
Cheibriados
Dithmenos
Elyvilon
Fedhas
Gozag
Kikubaaqudgha
Makhleb
Okawaru
Qazlal
Sif Muna
Vehumet
Yredelemnul
Zin
The Shining One
Beogh
Jiyva

Shops:
D:9 !   Orc:4 %*[(   Elf:2 %   Snake:2 =(   Vaults:1 =   Vaults:2 !
Vaults:3 ![   Vaults:4 =

Portals:
Hell: Depths:1
Pandemonium: Depths:1

Annotations:
D:4 1 exclusion
D:8 exclusions: oklob sapling and 1 more exclusion
D:10 Amnekian's ghost, powerful SpEn
D:11 exclusion: 2 upstairs
D:13 tengus, gargoyles, centaur captains...
Lair:2 1 exclusion
Lair:5 exclusion: skeleton
Snake:3 1 exclusion
Slime:6 Royal Jelly
Vaults:1 2 exclusions


Innate Abilities, Weirdness & Mutations

You are resistant to torment.
You are immune to poison.
You can fly continuously.
Your stone body is very resilient (AC +17).
Your wings are large and strong.
You resist negative energy.
You are resistant to electric shocks.
You can survive without breathing.
You are immune to petrification.
You are immune to rotting.
You are partially covered in icy blue scales (AC +1).
You are very clumsy. (Dex -4)
Armour fits poorly on your strangely shaped body.
You are very dopey. (Int -4)
Your magical capacity is low (-10% MP).
You sometimes yell uncontrollably at your foes.
You heal slowly when monsters are visible.
You need consume almost no food.
Your spells are a little harder to cast, but a little more powerful.


Message History

The acid blob hits you but does no damage.
The azure jelly hits you but does no damage. x3
The azure jelly barely misses you.
An acid blob comes into view.
Drink which item? (? for menu, Esc to quit)
You feel better.
Your surroundings suddenly seem different.
Throwing (i - inventory):
y - 3 javelins (quivered)
Press: ? - help, Shift-Dir - straight line, f - acid blob
Aim: an acid blob
Okay, then.
Use which ability? (? or * to list)
Okay, then.
The acid blob spits acid at you. The splash of acid hits you! You resist.
The acid burns!
You resist.
* * * LOW HITPOINT WARNING * * *
x2 You slash the acid blob!
There is a sudden explosion of sparks!
The acid blob is moderately wounded.
The acid blob hits you!
You die...

..... #..#
........ ##.#
........#
####..###
.........##
#....EJ.J
..........E
#...#.._J#J
...........##
### ##..###
............#
##.#
...........# ..#
........J@..###
#.##
..............#
#.
...............#
##
...............#
...............#
...............
.............
...........
......... .


You could see an acid blob and a friendly air elemental.

Vanquished Creatures
  Saint Roka (Orc:4)
  Sojobo (Depths:2)
  Norris (Elf:3)
  Nikola (Swamp:5)
  A large abomination (Vaults:4)
  A tentacled monstrosity (Swamp:4)
  3 deep elf master archers (Elf:3)
  5 sphinxes
  2 tengu reavers (Depths:2)
  9 acid blobs
  Rupert (Elf:3)
  5 thorn hunters
  2 azure jellies
  Donald (Orc:3)
  8 greater nagas
  Wiglaf (Elf:3)
  Maud (Lair:7)
  3 frost giants
  A fire giant (Depths:2)
  9 vault wardens
  9 deep elf sorcerers
  The ghost of Amnesiac the Bewitcher, a mighty HaEn of Dithmenos (Orc:4)
  Gastronok (Lair:2)
  5 deep elf demonologists (Elf:3)
  An emperor scorpion (Depths:1)
  7 stone giants
  8 deep elf annihilators (Elf:3)
  5 ettins
  A dire elephant (Depths:1)
  27 vault guards
  4 deep elf death magi
  3 minotaurs (Depths:1)
  Snorg (Lair:5)
  2 death oozes (Slime:6)
  10 ironheart preservers
  8 yaktaur captains
  14 hydras
  7 fire dragons
  7 great orbs of eyes
  2 deep elf high priests (Elf:3)
  Fannar (Lair:6)
  12 naga warriors
  5 shambling mangroves
  3 ice dragons
  A ravenous feature mimic (Vaults:4)
  4 anacondas
  Erica (Lair:7)
  6 alligators
  An alligator snapping turtle (shapeshifter) (Depths:1)
  4 deep troll earth magi
  3 ogre magi
  16 death yaks
  4 deep troll shamans
  3 tengu warriors
  28 dancing weapons
  6 shock serpents
  20 slime creatures
  2 death knights (Vaults:3)
  11 centaur warriors
  Urug (Orc:3)
  6 orc high priests (Orc:4)
  A spriggan berserker (Depths:1)
  3 spectral elves
  4 very ugly things
  A sun demon (Orc:4)
  Nergalle (Lair:6)
  11 naga sharpshooters
  Erolcha (Orc:2)
  A fire crab (Vaults:3)
  5 skeletal warriors
  2 soul eaters (Depths:1)
  An iron troll (Depths:1)
  A shadow wraith (Vaults:3)
  15 deep elf knights
  11 deep trolls
  4 salamander mystics
  15 deep elf summoners
  2 wizards
  13 ironbrand convokers
  A giant orange brain (Depths:1)
  2 lindwurms (Lair:8)
  An ice statue (IceCv)
  6 naga ritualists
  2 spriggan druids
  6 swamp dragons
  An unseen horror (D:14)
  A flayed ghost (Vaults:2)
  6 harpies
  14 deep elf conjurers
  Joseph (Orc:3)
  3 hill giants
  9 mana vipers
  3 necromancers
  2 sixfirhies (Depths:1)
  12 orc knights
  5 shining eyes
  2 red wasps
  4 griffons
  3 wolf spiders
  2 manticores
  7 orc sorcerers (Orc:4)
  4 cyclopes
  A black mamba (shapeshifter) (Vaults:1)
  15 salamanders
  36 black mambas
  An octopode (shapeshifter) (Vaults:4)
  17 elephants
  3 guardian serpents
  A gargoyle (D:13)
  4 molten gargoyles (D:14)
  A mermaid (shapeshifter) (Vaults:4)
  A smoke demon (Orc:4)
  13 spiny frogs
  13 vault sentinels
  2 eyes of devastation
  A tormentor (Depths:1)
  A small abomination (Elf:3)
  5 komodo dragons
  25 naga magi
  31 yaktaurs
  A feature mimic (D:7)
  3 demonic crawlers
  6 fire drakes (Lair:8)
  9 deep elf priests
  3 wandering mushrooms (D:8)
  4 tengu conjurers
  Grinder (D:3)
  6 removed MONS_FIREFLYs
  A hellwing (Depths:1)
  A hydra zombie (D:11)
  3 baby alligators (Swamp:4)
  12 polar bears
  2 trolls
  A troll (shapeshifter) (Vaults:1)
  8 giant leeches
  Prince Ribbit (D:5)
  5 jumping spiders
  15 two-headed ogres
  11 bog bodies
  10 freezing wraiths
  13 ravens
  A trapdoor spider zombie (D:13)
  6 boulder beetles
  2 hydra skeletons
  A griffon zombie (D:11)
  3 wraiths
  A trapdoor spider (D:12)
  2 basilisks
  14 blink frogs
  A vampire (D:12)
  15 brown oozes
  7 redbacks
  11 sharks
  5 spriggans
  18 deep elf magi
  2 shadows
  4 tarantellas
  42 vampire mosquitoes
  27 ugly things
  44 yaks
  23 deep elf fighters
  A steam dragon (D:10)
  A wyvern (Lair:3)
  Grum (D:8)
  3 golden eyes (Slime:2)
  A neqoxec (Orc:4)
  A formicid (shapeshifter) (Vaults:3)
  17 wolves
  5 wargs
  11 hippogriffs
  A raven zombie (Depths:1)
  18 swamp worms
  26 water moccasins
  A soldier ant (D:15)
  A red wasp simulacrum (D:15)
  2 sky beasts
  41 nagas
  61 orc warriors
  14 porcupines
  A water moccasin (shapeshifter) (Vaults:5)
  A mottled dragon (D:14)
  7 ice beasts
  A human skeleton (D:11)
  14 swamp drakes
  2 black bears
  3 phantoms
  2 necrophages
  31 ogres
  11 boggarts
  26 centaurs
  A boring beetle (shapeshifter) (Vaults:1)
  2 lava worms (D:14)
  Sigmund (D:3)
  19 crocodiles
  A blink frog skeleton (Lair:1)
  A big kobold (D:14)
  3 brain worms
  13 giant frogs
  8 insubstantial wisps
  A gnoll sergeant (D:11)
  A cyclops zombie (D:11)
  8 eyes of draining
  2 cyclops skeletons (D:13)
  An orc simulacrum (Vaults:2)
  21 killer bees
  3 scorpions
  3 wights
  10 electric eels
  5 crimson imps
  2 goliath beetles
  11 jellies
  3 quasits
  10 hounds
  3 iron imps (Depths:1)
  Crazy Yiuf (D:3)
  8 big fish
  A black bear zombie (D:5)
  44 orc priests
  12 iguanas
  16 worker ants
  2 centaur skeletons (D:11)
  An iguana (shapeshifter) (D:12)
  39 orc wizards
  17 orange rats
  A gnoll shaman (D:6)
  2 spectral orcs (Lair:6)
  9 sheep
  A crocodile zombie (Lair:5)
  An ogre skeleton (Orc:4)
  A crocodile skeleton (Lair:1)
  A hound skeleton (D:5)
  A mummy (D:11)
  12 gnolls
  47 green rats
  7 shadow imps
  26 adders
  A white imp (Orc:4)
  17 worms
  2 giant mites
  An ufetubus (Depths:1)
  11 orc zombies
  An adder skeleton (D:7)
  2 iguana skeletons
  4 orc skeletons
  8 giant geckos
  3 oozes
  317 orcs
  A bat zombie (D:6)
  5 giant cockroaches
  19 goblins
  2 green rat skeletons (Lair:1)
  27 hobgoblins
  22 jackals
  23 kobolds
  15 quokkas
  2 ball pythons
  28 bats
  6 giant newts
  A hobgoblin skeleton (D:5)
  A jackal skeleton (Lair:1)
  A jackal zombie (D:7)
  A kobold zombie (D:6)
  31 rats
  5 ballistomycetes
  8 briar patches
  A butterfly (D:4)
  2 crawling corpses (Elf:3)
  11 fungi
  A macabre mass (Vaults:2)
  7 plants
2298 creatures vanquished.

Vanquished Creatures (collateral kills)
  the Lernaean hydra (Swamp:5)
  A sphinx (Depths:2)
  A thorn hunter (Swamp:5)
  A greater naga (Snake:5)
  A frost giant (Vaults:4)
  4 vault wardens
  An emperor scorpion (Depths:1)
  2 stone giants
  A deep elf demonologist (Vaults:2)
  A deep elf annihilator (Vaults:3)
  An ettin (Depths:1)
  A merfolk impaler (Depths:1)
  An ironheart preserver (Vaults:2)
  3 yaktaur captains
  A vault guard (Vaults:2)
  4 naga warriors
  An ice dragon (Vaults:2)
  2 alligators
  10 hydras
  4 ogre magi (Vaults:4)
  2 death yaks (Depths:1)
  2 deep troll earth magi (Vaults:2)
  A tengu warrior (Depths:1)
  A dancing weapon (Vaults:3)
  2 shock serpents
  6 naga sharpshooters
  4 deep elf knights
  2 centaur warriors
  3 deep elf conjurers
  A flayed ghost (Vaults:3)
  3 skeletal warriors
  A salamander mystic (Snake:3)
  A shadow wraith (Vaults:2)
  2 deep trolls
  4 naga ritualists
  5 swamp dragons
  3 deep elf summoners (Elf:1)
  2 ironbrand convokers
  2 wolf spiders (Vaults:4)
  A hill giant (Vaults:1)
  3 orc knights
  A wizard (Vaults:3)
  2 griffons
  7 elephants
  A guardian serpent (Snake:5)
  7 spiny frogs
  A cyclops (Vaults:1)
  3 vault sentinels
  12 black mambas
  A draconian (shapeshifter) (Vaults:4)
  5 naga magi
  2 yaktaurs (shapeshifter)
  8 komodo dragons
  13 yaktaurs
  A fire drake (Lair:3)
  A hellwing (Vaults:2)
  A removed MONS_FIREFLY (Lair:8)
  A fire drake (shapeshifter) (Vaults:2)
  5 deep elf priests
  3 polar bears (IceCv)
  A freezing wraith (Vaults:5)
  A small abomination (Vaults:2)
  3 giant leeches
  A hydra skeleton (D:15)
  10 bog bodies
  6 two-headed ogres
  A baby alligator (Swamp:4)
  16 slime creatures
  6 deep elf magi
  3 boulder beetles
  5 ravens
  A fire giant simulacrum (Vaults:2)
  A basilisk (Lair:8)
  4 redbacks
  A blink frog (Lair:2)
  A spriggan (shapeshifter) (Vaults:2)
  14 yaks
  A shadow (Swamp:1)
  2 water elementals (Depths:1)
  A vampire (D:12)
  A tarantella (shapeshifter) (Vaults:2)
  6 hippogriffs
  A yaktaur simulacrum (Vaults:3)
  A wyvern (Lair:4)
  16 ugly things
  2 sharks
  15 deep elf fighters
  23 vampire mosquitoes
  A wolf (Lair:6)
  8 nagas
  A soldier ant (D:13)
  8 swamp worms
  A warg (Orc:4)
  2 mottled dragons (Vaults:1)
  5 orc warriors
  14 ogres
  14 water moccasins
  4 boggarts (Depths:1)
  A phantom (D:9)
  A sky beast (D:15)
  8 swamp drakes
  A porcupine (Lair:5)
  3 centaurs (Vaults:3)
  5 ice beasts (IceCv)
  A boring beetle (Lair:8)
  A big kobold (D:13)
  6 giant frogs
  6 crocodiles
  3 brain worms (Lair:8)
  A fire drake skeleton (Lair:8)
  An insubstantial wisp (Swamp:1)
  2 wights (D:9)
  A jelly (D:14)
  3 electric eels
  A centaur zombie (Vaults:3)
  9 big fish
  A two-headed ogre zombie (D:9)
  A worker ant (D:9)
  A basilisk zombie (Lair:5)
  5 orc priests
  7 orc wizards
  2 orange rats (Elf:1)
  A sheep (Lair:2)
  10 green rats
  10 adders
  4 worms (Lair:8)
  An orc zombie (D:5)
  2 giant geckos
  46 orcs
  5 bats
  4 goblins
  A hobgoblin (Orc:4)
  11 jackals
  2 kobolds (D:14)
  A hobgoblin skeleton (D:9)
  5 quokkas
  7 rats
  A briar patch (Swamp:5)
  2 crawling corpses (Vaults:2)
  12 fungi
  8 plants
574 creatures vanquished.

Vanquished Creatures (others)
  A fire giant (Depths:1)
  A hydra (Swamp:5)
  An ogre mage (Vaults:4)
  2 deep elf knights
  16 large abominations
  A dwarf zombie (Elf:3)
  A wolf spider zombie (Vaults:2)
  A stone giant skeleton (Vaults:4)
  A frost giant skeleton (IceCv)
  2 shock serpent zombies
  2 death yak zombies (Depths:1)
  2 shock serpent skeletons (Snake:5)
  A swamp worm zombie (Swamp:5)
  An air elemental (Elf:3)
  A yaktaur skeleton (Vaults:1)
  A minotaur zombie (Depths:1)
  2 harpy skeletons
  5 hydra zombies (Swamp:5)
  10 small abominations
  A fire elemental (Snake:5)
  2 ettin zombies (Depths:1)
  An ice dragon zombie (Vaults:2)
  12 shadows
  A two-headed ogre (Vaults:4)
  An ice dragon skeleton (Lair:8)
  2 alligator skeletons
  3 black mamba zombies
  A black mamba skeleton (Snake:5)
  An ugly thing skeleton (D:15)
  A deep elf fighter (Elf:3)
  An ugly thing (Vaults:2)
  2 deep troll zombies (Depths:1)
  3 raven skeletons
  4 elf skeletons
  A baby alligator zombie (Swamp:4)
  A deep troll skeleton (Vaults:2)
  5 human skeletons
  A tengu skeleton (D:13)
  3 spiny frog skeletons
  A baby alligator skeleton (Swamp:4)
  A boggart (Depths:1)
  An ogre (Vaults:4)
  2 elephant skeletons
  2 swamp dragon zombies (Swamp:5)
  6 blink frog skeletons
  A vampire mosquito zombie (Swamp:5)
  2 swamp dragon skeletons (Swamp:5)
  A centaur (D:15)
  A manticore skeleton (D:13)
  7 yaktaur zombies
  2 lindwurm skeletons (Lair:8)
  2 fire drake skeletons (Lair:8)
  2 ugly thing zombies
  5 komodo dragon skeletons
  6 human zombies
  3 water moccasin zombies
  5 water moccasin skeletons
  7 elf zombies
  3 tengu zombies
  A warg skeleton (Orc:4)
  17 yak skeletons
  3 spriggan skeletons
  3 hippogriff skeletons
  A troll skeleton (Orc:3)
  A polar bear skeleton (IceCv)
  A soldier ant zombie (D:15)
  3 centaur skeletons
  2 centaur zombies (D:14)
  A basilisk skeleton (Lair:6)
  3 giant frog skeletons
  9 bog body skeletons
  2 orange rats (Elf:2)
  An orc wizard (Orc:4)
  3 porcupine skeletons
  7 naga zombies
  5 crocodile skeletons
  3 naga skeletons
  8 ogre skeletons
  6 hound skeletons
  A big fish skeleton (Lair:8)
  An adder (Snake:2)
  6 swamp drake skeletons
  13 adder skeletons
  An adder zombie (Snake:2)
  An iguana skeleton (D:12)
  3 sheep skeletons
  An orc (Orc:4)
  6 bat skeletons
  2 giant gecko skeletons
  2 giant spores
  6 gnoll skeletons (D:11)
  5 goblin skeletons
  A goblin zombie (D:5)
  22 green rat skeletons
  A hobgoblin skeleton (D:9)
  4 jackal skeletons
  98 orc skeletons
  2 orc zombies (D:14)
  4 quokka skeletons
  9 rat skeletons
  4 crawling corpses
  32 fungi
  4 macabre masses
  5 plants (Lair:8)
473 creatures vanquished.

Grand Total: 3345 creatures vanquished

Notes
Turn   | Place    | Note
--------------------------------------------------------------
     0 | D:1      | Psiweapon, the Gargoyle Gladiator, began the quest for the Orb.
     0 | D:1      | Reached XP level 1. HP: 12/12 MP: 1/1
   193 | D:2      | Reached XP level 2. HP: 7/17 MP: 2/2
   883 | D:1      | Reached skill level 4 in Staves
   883 | D:1      | Reached XP level 3. HP: 18/21 MP: 3/3
  1335 | D:2      | Found a snail-covered altar of Cheibriados.
  1646 | D:2      | Reached XP level 4. HP: 26/26 MP: 4/4
  1866 | D:2      | Reached skill level 5 in Staves
  2413 | D:3      | HP: 1/26 [orc priest/trident (1)]
  2415 | D:3      | Reached XP level 5. HP: 11/30 MP: 5/5
  2829 | D:3      | Noticed Grinder
  2831 | D:3      | Paralysed by Grinder for 4 turns
  2843 | D:3      | Paralysed by Grinder for 7 turns
  2852 | D:3      | Paralysed by Grinder for 5 turns
  2858 | D:3      | Killed Grinder
  2858 | D:3      | Reached skill level 7 in Staves
  2858 | D:3      | Reached XP level 6. HP: 14/35 MP: 6/6
  3306 | D:3      | Noticed Crazy Yiuf
  3317 | D:3      | Killed Crazy Yiuf
  3496 | D:3      | Noticed Sigmund
  3503 | D:3      | Killed Sigmund
  3503 | D:3      | Reached XP level 7. HP: 38/40 MP: 7/7
  4172 | D:4      | Reached skill level 8 in Staves
  4254 | D:4      | Found an ancient bone altar of Kikubaaqudgha.
  4254 | D:4      | Found a blossoming altar of Fedhas.
  4322 | D:4      | Found a glowing golden altar of the Shining One.
  4418 | D:4      | Got a dull robe
  4424 | D:4      | Identified the +1 robe of the Catfish {rPois} (You found it on level 4 of the Dungeon)
  4861 | D:5      | Entered Level 5 of the Dungeon
  4914 | D:5      | Found a white marble altar of Elyvilon.
  5027 | D:5      | Got a glittering turquoise ring
  5028 | D:5      | Identified the ring of Dithmenos' Generosity {rF+ rC++ rN+ Int+2} (You found it on level 5 of the Dungeon)
  5126 | D:5      | Reached skill level 9 in Staves
  5395 | D:5      | Reached XP level 8. HP: 33/44 MP: 8/8
  5910 | D:5      | Reached skill level 10 in Staves
  5999 | D:6      | Noticed Prince Ribbit
  6844 | D:5      | Reached skill level 11 in Staves
  6850 | D:5      | Killed Prince Ribbit
  6850 | D:5      | Reached XP level 9. HP: 45/48 MP: 9/9
  6957 | D:6      | Found a white marble altar of Elyvilon.
  7079 | D:6      | Reached skill level 12 in Staves
  7170 | D:6      | Reached skill level 1 in Armour
  7868 | D:7      | Reached skill level 5 in Armour
  7926 | D:7      | Killed a staircase mimic
  8256 | D:7      | Found a staircase to the Ecumenical Temple.
  8275 | Temple   | Entered the Ecumenical Temple
  8435 | D:5      | Reached XP level 10. HP: 53/53 MP: 10/10
  8645 | D:2      | Became a worshipper of Cheibriados the Contemplative
  8798 | D:7      | Was placed under penance by Cheibriados
  8799 | D:7      | Was forgiven by Cheibriados
  8947 | D:7      | Found an iron altar of Okawaru.
  8948 | D:7      | Found a burning altar of Makhleb.
  9131 | D:7      | Learned a level 1 spell: Apportation
  9133 | D:7      | Learned a level 1 spell: Animate Skeleton
  9590 | D:8      | Reached skill level 1 in Polearms
  9641 | D:8      | Noticed Grum
  9660 | D:8      | Killed Grum
  9666 | D:8      | Reached skill level 1 in Necromancy
 10373 | D:8      | Gained mutation: You are clumsy. (Dex -2) [mutagenic meat]
 10545 | D:8      | Found a blossoming altar of Fedhas.
 10679 | D:9      | Found Ceqieg's Distillery.
 10682 | D:9      | Bought a potion of heal wounds for 45 gold pieces
 10682 | D:9      | Bought a potion of curing for 30 gold pieces
 10682 | D:9      | Bought a potion of lignification for 30 gold pieces
 10803 | D:9      | Reached skill level 1 in Axes
 10813 | D:9      | Reached skill level 5 in Fighting
 10841 | D:9      | Reached XP level 11. HP: 55/64 MP: 9/11
 11340 | D:9      | Acquired Cheibriados' first power
 11467 | D:9      | Found a stormy altar of Qazlal.
 11915 | D:10     | Entered Level 10 of the Dungeon
 12120 | D:10     | Reached skill level 5 in Dodging
 12320 | D:10     | Noticed Amnekian's ghost (powerful SpEn)
 12375 | D:11     | Acquired Cheibriados' second power
 12631 | D:11     | Reached skill level 1 in Invocations
 12649 | D:11     | Acquired Cheibriados' third power
 12717 | D:11     | Found a staircase to the Lair.
 12729 | Lair:1   | Entered Level 1 of the Lair of Beasts
 12764 | Lair:1   | Reached skill level 5 in Axes
 12846 | Lair:1   | Found a frozen archway.
 12865 | IceCv    | Entered an ice cave
 12893 | IceCv    | Noticed an ice statue
 12898 | IceCv    | Noticed a frost giant
 12939 | IceCv    | Reached XP level 12. HP: 35/71 MP: 6/19
 12949 | IceCv    | Killed a frost giant
 12950 | IceCv    | Reached skill level 5 in Invocations
 13352 | IceCv    | Killed an ice statue
 15261 | Lair:2   | Noticed Gastronok
 15274 | Lair:2   | Killed Gastronok
 16004 | Lair:2   | Reached XP level 13. HP: 78/78 MP: 22/22
 18454 | Lair:4   | Reached skill level 10 in Axes
 18469 | Lair:4   | Reached skill level 10 in Dodging
 18974 | Lair:4   | Found a glowing silver altar of Zin.
 19290 | Lair:5   | Found a staircase to the Snake Pit.
 19359 | Lair:5   | Reached skill level 1 in Evocations
 19868 | Lair:5   | Noticed Snorg
 19883 | Lair:5   | Gained mutation: Your wings are large and strong. [gargoyle growth]
 19883 | Lair:5   | Reached XP level 14. HP: 75/84 MP: 24/24
 19891 | Lair:5   | Killed Snorg
 20078 | Lair:5   | Identified a scroll of acquirement
 20802 | Lair:6   | Noticed Nergalle
 20811 | Lair:6   | Killed Nergalle
 20917 | Lair:6   | Noticed Fannar
 20926 | Lair:6   | Your ally Nergalle died
 20933 | Lair:6   | Killed Fannar
 20956 | Lair:6   | Found a staircase to the Swamp.
 20960 | Lair:6   | Your ally Fannar died
 21297 | Lair:2   | Gained mutation: You have a slow metabolism. [potion of beneficial mutation]
 21756 | Lair:7   | Noticed Erica
 21767 | Lair:7   | Killed Erica
 21895 | Lair:7   | Found a staircase to the Slime Pits.
 22266 | Lair:7   | Noticed Maud
 22281 | Lair:7   | Killed Maud
 22940 | Lair:7   | Reached skill level 5 in Evocations
 22971 | Lair:8   | Entered Level 8 of the Lair of Beasts
 23162 | Lair:8   | Reached skill level 10 in Fighting
 24114 | Lair:8   | Reached skill level 10 in Armour
 24542 | Lair:8   | Reached XP level 15. HP: 88/92 MP: 26/26
 25082 | D:11     | Found a staircase to the Orcish Mines.
 25518 | D:11     | Noticed a hill giant
 25521 | D:11     | Killed a hill giant
 27048 | Orc:1    | Entered Level 1 of the Orcish Mines
 27167 | Orc:2    | Found a radiant altar of Vehumet.
 27171 | Orc:2    | Noticed Erolcha
 27175 | Orc:2    | Killed Erolcha
 28364 | Orc:3    | Found a staircase to the Elven Halls.
 28364 | Orc:3    | Noticed Donald
 28378 | Orc:3    | Killed Donald
 28561 | Orc:3    | Noticed Joseph
 28576 | Orc:3    | Killed Joseph
 28925 | Orc:3    | Noticed Urug
 28940 | Orc:3    | Killed Urug
 29131 | Orc:4    | Entered Level 4 of the Orcish Mines
 29498 | Lair:2   | Upgraded the game from 0.15-a0-1253-g15b4f57 to 0.15-a0-1269-g8ca96ae
 29952 | Orc:4    | Noticed Amnesiac's ghost (mighty HaEn)
 29968 | Orc:4    | Killed Amnesiac's ghost
 30018 | Orc:4    | Found a roughly hewn altar of Beogh.
 30030 | Orc:4    | Found Daqiet's Antique Armour Boutique.
 30041 | Orc:4    | Found Qoamob's Antique Weapon Shop.
 30987 | Orc:4    | Noticed Saint Roka
 31360 | Orc:4    | Killed Saint Roka
 31373 | Orc:4    | Your ally Saint Roka died
 31660 | Orc:4    | Found a roughly hewn altar of Beogh.
 31691 | Orc:4    | Reached skill level 13 in Armour
 31699 | Orc:4    | Found Lugruh's Food Shop.
 31816 | Orc:4    | Reached XP level 16. HP: 78/97 MP: 27/27
 31847 | Orc:4    | Found Pylluoh's Assorted Antiques.
 31859 | Orc:4    | Bought a tubular golden ring for 170 gold pieces
 31859 | Orc:4    | Bought a scroll of identify for 68 gold pieces
 31859 | Orc:4    | Bought an encrusted sapphire ring for 170 gold pieces
 32277 | D:13     | Gained mutation: Your spells are a little harder to cast, but a little more powerful. [mutagenic meat]
 32278 | D:13     | Gained mutation: Your muscles are strong. (Str +2) [mutagenic meat]
 32279 | D:13     | Gained mutation: You need consume almost no food. [mutagenic meat]
 32495 | D:13     | Reached skill level 5 in Maces & Flails
 32587 | D:13     | Found a gate to the Vaults.
 33366 | Swamp:1  | Entered Level 1 of the Swamp
 33376 | Swamp:1  | Reached skill level 10 in Maces & Flails
 33588 | Swamp:2  | Noticed a thorn hunter
 33600 | Swamp:2  | Killed a thorn hunter
 34375 | Lair:2   | Reached XP level 17. HP: 102/102 MP: 28/28
 34382 | Lair:2   | Learned a level 5 spell: Agony
 34618 | Swamp:1  | Reached skill level 14 in Armour
 35177 | Swamp:2  | Learned a level 4 spell: Animate Dead
 35220 | Swamp:2  | Got a shimmering flail
 35221 | Swamp:2  | Identified the +7,+3 flail of the Gnat {flame, Stlth+} (You found it on level 2 of the Swamp)
 35449 | Swamp:2  | Identified the Reference Book on Icy Unholy Magic (You found it on level 2 of the Swamp)
 36319 | Swamp:3  | Reached skill level 5 in Necromancy
 36878 | Swamp:3  | Was placed under penance by Cheibriados
 36882 | Swamp:3  | Was forgiven by Cheibriados
 38193 | Swamp:4  | Reached XP level 18. HP: 76/107 MP: 23/29
 38649 | Swamp:5  | Entered Level 5 of the Swamp
 38659 | Swamp:5  | Noticed a tentacled monstrosity
 38659 | Swamp:5  | Reached skill level 5 in Throwing
 39094 | Swamp:4  | Killed a tentacled monstrosity
 39249 | Swamp:5  | Noticed Nikola
 39260 | Swamp:5  | Killed Nikola
 39383 | Swamp:5  | Noticed the 27-headed Lernaean hydra
 39388 | Swamp:5  | Killed the 27-headed Lernaean hydra
 39436 | Swamp:5  | Got a decaying rune of Zot
 40741 | Snake:1  | Entered Level 1 of the Snake Pit
 41232 | Snake:2  | Reached skill level 10 in Invocations
 41657 | Snake:2  | Found Naigan's Weapon Shoppe.
 41705 | Snake:2  | Found Cauklyir's Jewellery Shoppe.
 41722 | Snake:2  | Bought an uncursed amulet of resist corrosion for 360 gold pieces
 41722 | Snake:2  | Bought the ring of Xom's Fury {Wiz Dam+3} for 892 gold pieces
 42282 | Snake:2  | Learned a level 2 spell: Sublimation of Blood
 42659 | Lair:2   | Upgraded the game from 0.15-a0-1269-g8ca96ae to 0.15-a0-1293-g4a08026
 43110 | Snake:3  | Reached XP level 19. HP: 116/116 MP: 31/31
 43359 | Snake:3  | Reached skill level 5 in Spellcasting
 43603 | Snake:4  | Got a jewelled shield
 43604 | Snake:4  | Identified the +2 shield of Broken Taboos {+Fly rF++ MR+} (You found it on level 4 of the Snake Pit)
 43800 | Snake:5  | Entered Level 5 of the Snake Pit
 44151 | Lair:2   | Learned a level 5 spell: Twisted Resurrection
 44159 | Lair:2   | Learned a level 6 spell: Death Channel
 46531 | Snake:5  | Reached skill level 15 in Armour
 46991 | Snake:5  | Got a serpentine rune of Zot
 47282 | Snake:5  | Reached XP level 20. HP: 114/121 MP: 35/35
 48872 | D:15     | Entered Level 15 of the Dungeon
 48990 | D:15     | Found a staircase to the Depths.
 49047 | D:15     | Reached skill level 10 in Necromancy
 49572 | D:15     | Got an iridescent short sword
 49667 | D:15     | Identified the +5,+9 short sword of Unreason {holy, rN+ MR+ Str-3 Dex+2} (You found it on level 15 of the Dungeon)
 50509 | Vaults:1 | Entered Level 1 of the Vaults
 50679 | Vaults:1 | Reached skill level 10 in Spellcasting
 51154 | Vaults:1 | Found Aligim's Jewellery Shop.
 51161 | Vaults:1 | Bought a +3,+6 ring of slaying for 1321 gold pieces
 51444 | Vaults:1 | Reached skill level 16 in Armour
 51498 | Vaults:2 | Found Pnucuev's Distillery.
 51506 | Vaults:2 | Bought a potion of might for 35 gold pieces
 51506 | Vaults:2 | Bought a potion of curing for 28 gold pieces
 51506 | Vaults:2 | Bought a potion of curing for 28 gold pieces
 52568 | Vaults:2 | Upgraded the game from 0.15-a0-1293-g4a08026 to 0.15-a0-1309-g3520d71
 53118 | Vaults:2 | Reached XP level 21. HP: 85/126 MP: 28/37
 54667 | Vaults:3 | Found Goinn's Distillery.
 54691 | Vaults:3 | Reached skill level 17 in Armour
 54883 | Vaults:3 | Found a staircase to the Crypt.
 54921 | Vaults:3 | Found Thruafein's Antique Armour Boutique.
 55178 | Vaults:3 | Found a staircase to the Hall of Blades.
 55891 | Vaults:3 | Upgraded the game from 0.15-a0-1309-g3520d71 to 0.15-a0-1345-gc375f20
 56309 | Vaults:4 | Found Klaorgheew's Jewellery Boutique.
 57918 | Lair:2   | Learned a level 3 spell: Recall
 58237 | Vaults:5 | Entered Level 5 of the Vaults
 58240 | Vaults:5 | Reached skill level 18 in Armour
 58241 | Vaults:5 | Reached XP level 22. HP: 118/132 MP: 25/39
 58295 | Vaults:5 | Noticed a golden dragon
 58303 | Vaults:5 | Noticed an ancient lich
 58304 | Vaults:5 | Noticed an ancient lich
 58921 | Elf:1    | Entered Level 1 of the Elven Halls
 58952 | Elf:1    | Reached skill level 1 in Long Blades
 59161 | Elf:1    | Reached skill level 1 in Shields
 60108 | Elf:2    | Found Cluwunk's Food Shoppe.
 60788 | Elf:3    | Entered Level 3 of the Elven Halls
 60877 | Elf:3    | Noticed Norris
 60878 | Elf:3    | Noticed Rupert
 60905 | Elf:3    | Killed Rupert
 60912 | Elf:3    | Your ally Rupert died
 60938 | Elf:3    | Killed Norris
 60984 | Elf:3    | Your ally Norris died
 61384 | Elf:3    | Noticed Wiglaf
 61393 | Elf:3    | Killed Wiglaf
 61393 | Elf:3    | Reached skill level 5 in Shields
 61426 | Elf:3    | Your ally Rupert died
 61521 | Elf:3    | Your ally Wiglaf died
 61872 | Elf:3    | Reached skill level 5 in Long Blades
 62261 | Elf:3    | Identified a +6 rod of shadows (14/14) (You took it off a deep elf summoner on level 3 of the Elven Halls)
 62804 | Elf:3    | Gained mutation: You occasionally shout uncontrollably at your foes. [a cacodemon]
 62851 | Elf:3    | Identified a +9 rod of ignition (11/11) (You took it off a deep elf sorcerer on level 3 of the Elven Halls)
 63598 | Elf:3    | Reached XP level 23. HP: 136/136 MP: 35/40
 64019 | Elf:3    | Identified Ponuev's Tome of Stones (You found it on level 3 of the Elven Halls)
 64675 | Elf:3    | Reached skill level 10 in Shields
 64732 | Elf:3    | Got an uncursed shimmering dagger
 64822 | Elf:3    | Got an ancient lapis lazuli ring
 64933 | Elf:3    | Got an uncursed dazzling war axe {drain}
 65273 | Lair:2   | Identified the +4,+10 dagger "Testudinebane" {pain, +Blink MR+} (You took it off a deep elf annihilator on level 3 of the Elven Halls)
 65274 | Lair:2   | Identified the +7,+5 war axe "Prisofan" {drain, MR+ Str+4 Stlth+} (You took it off a deep elf fighter on level 3 of the Elven Halls)
 65278 | Lair:2   | Identified the ring "Xoutrath" {Ice rN+} (You took it off a deep elf demonologist on level 3 of the Elven Halls)
 65518 | Vaults:3 | Upgraded the game from 0.15-a0-1345-gc375f20 to 0.15-a0-1363-g87d8b17
 65547 | Blade    | Entered the Hall of Blades
 65612 | Blade    | Upgraded the game from 0.15-a0-1363-g87d8b17 to 0.15-a0-1387-gd422dff
 66489 | Depths:1 | Entered Level 1 of the Depths
 66943 | Depths:1 | Found a one-way gate leading to the halls of Pandemonium.
 67742 | Depths:1 | Found a gateway to Hell.
 67990 | Depths:2 | Noticed Sojobo
 67997 | Depths:2 | Killed Sojobo
 68821 | Slime:1  | Entered Level 1 of the Pits of Slime
 68840 | Slime:2  | Gained mutation: Armour fits poorly on your strangely shaped body. [a shining eye]
 68919 | Slime:3  | Paralysed by a great orb of eyes for 7 turns
 69145 | Slime:4  | Reached XP level 24. HP: 131/142 MP: 22/40
 69429 | Slime:5  | Gained mutation: You are partially covered in icy blue scales (AC +1). [a shining eye]
 69430 | Slime:5  | Gained mutation: You are dopey. (Int -2) [a shining eye]
 69431 | Slime:5  | Gained mutation: You are very clumsy. (Dex -4) [a shining eye]
 69433 | Slime:5  | Gained mutation: You sometimes yell uncontrollably at your foes. [a shining eye]
 69440 | Slime:6  | Entered Level 6 of the Pits of Slime
 69466 | Slime:6  | Noticed the royal jelly
 69471 | Slime:6  | Reached skill level 15 in Axes
 69476 | Slime:6  | Gained mutation: You heal slowly when monsters are visible. [a shining eye]
 69476 | Slime:6  | Gained mutation: You are very dopey. (Int -4) [a shining eye]
 69824 | Slime:6  | Gained mutation: Your magical capacity is low (-10% MP). [a shining eye]
 69826 | Slime:6  | Lost mutation: Your muscles are strong. (Str +2) [a shining eye]
 69832 | Slime:6  | Found a viscous altar of Jiyva.
 70070 | Slime:6  | HP: 5/142 [acid blob[the royal jelly] (9)]
 70074 | Slime:6  | HP: 2/142 [acid blob/splash of acid (4)]
 70075 | Slime:6  | Slain by an acid blob

Action                   |  1- 3 |  4- 6 |  7- 9 | 10-12 | 13-15 | 16-18 | 19-21 | 22-24 || total
-------------------------+-------+-------+-------+-------+-------+-------+-------+-------++-------
Melee: Quarterstaff      |   131 |   139 |   377 |   290 |       |   131 |       |       ||  1068
       Scythe            |       |       |       |    28 |       |       |       |       ||    28
       Battleaxe         |       |       |       |   426 |  1214 |   719 |  1200 |   148 ||  3707
       Scimitar          |       |       |       |       |    13 |       |       |       ||    13
       Great mace        |       |       |       |       |    19 |    79 |    54 |       ||   152
       Flail             |       |       |       |       |       |    15 |       |       ||    15
       Staff             |       |       |       |       |       |    12 |    38 |    39 ||    89
       Long sword        |       |       |       |       |       |       |       |   372 ||   372
       Eveningstar       |       |       |       |       |       |       |       |   307 ||   307
       Executioner's axe |       |       |       |       |       |       |       |   152 ||   152
       Morningstar       |       |       |       |       |       |       |       |     8 ||     8
 Fire: Blowgun           |       |       |       |     3 |       |       |       |       ||     3
Throw: Javelin           |     5 |     7 |    28 |    37 |    82 |     1 |     5 |    68 ||   233
       Throwing net      |       |     2 |     2 |       |       |       |       |       ||     4
       Tomahawk          |       |       |       |     6 |     4 |       |       |       ||    10
 Cast: Animate Skeleton  |       |       |       |    92 |   259 |    54 |    21 |     7 ||   433
       Apportation       |       |       |       |     1 |       |       |       |       ||     1
       Animate Dead      |       |       |       |       |       |    20 |    28 |    14 ||    62
       Agony             |       |       |       |       |       |    10 |   115 |   123 ||   248
       Twisted Resurrect |       |       |       |       |       |       |    51 |     9 ||    60
       Death Channel     |       |       |       |       |       |       |    27 |     8 ||    35
Invok: Slouch            |       |       |       |     6 |    26 |     6 |     7 |    16 ||    61
       Bend Time         |       |       |       |     1 |     5 |     2 |     1 |     5 ||    14
       Step From Time    |       |       |       |       |       |       |       |     1 ||     1
 Abil: Fly               |       |       |       |       |     1 |     5 |       |       ||     6
       Stop Flying       |       |       |       |       |       |     1 |       |       ||     1
Evoke: Wand              |       |       |     1 |    13 |    37 |    11 |    12 |     9 ||    83
       Lamp of fire      |       |       |       |       |       |       |     1 |     1 ||     2
       Rod               |       |       |       |       |       |       |       |    16 ||    16
       Fan of gales      |       |       |       |       |       |       |       |     2 ||     2
  Use: Potion            |       |     5 |     2 |     4 |     7 |     1 |     4 |    12 ||    35
       Scroll            |       |       |     5 |    16 |    25 |    21 |    15 |    34 ||   116
 Stab: Paralysed         |       |     2 |     4 |    10 |       |     1 |       |       ||    17
       Held in net/web   |       |     1 |       |       |       |       |       |       ||     1
       Petrifying        |       |       |     1 |       |       |       |       |       ||     1
       Distracted        |       |       |       |     5 |    18 |    17 |    29 |    11 ||    80
       Fleeing           |       |       |       |     2 |       |       |       |       ||     2
       Confused          |       |       |       |       |       |     2 |       |     1 ||     3
       Petrified         |       |       |       |       |       |     1 |       |       ||     1
